SA
NEBRASKA PLAINSMEN @ PHOENIX HOTSPUR U-21
07/19/2024
 
TOP OF THE 1ST
Nebraska Plainsmen batting - Pitching for Phoenix Hotspur U-21 : LHP Raúl Gómez
Pitching: LHP Raúl Gómez
Batting: RHB George St. Clair 0-0: Called Strike
0-1: Ball
1-1: Swinging Strike
1-2: Fly out, F6 (Popup, 56D)
Batting: RHB Luis Aragón 0-0: Swinging Strike
0-1: Foul Ball, location: 2F
0-2: Ball
1-2: Ground out 6-3 (Groundball, 6)
Batting: RHB Bob Barlow 0-0: Called Strike
0-1: Foul Ball, location: 2F
0-2: Strikes out swinging
Top of the 1st over - 0 run(s), 0 hit(s), 0 error(s), 0 left on base; Nebraska 0 - Phoenix 0
BOTTOM OF THE 1ST
Phoenix Hotspur U-21 batting - Pitching for Nebraska Plainsmen : RHP Ciríaco Muro
Pitching: RHP Ciríaco Muro
Batting: LHB Roberto Fierro 0-0: Ball
1-0: Called Strike
1-1: SINGLE (Line Drive, 9LS)
Batting: RHB Carl Tucker 0-0: Ball
1-0: Foul Ball, location: 2F
1-1: Foul Ball, location: 2F
1-2: Foul Ball, location: 2F
Single, Error in OF, E8, batter to second base
Roberto Fierro to third
Batting: RHB Germán Alfaro 0-0: Ball
1-0: Ball
2-0: DOUBLE (Flyball, 8RM)
Roberto Fierro scores
Carl Tucker scores
Pinch Runner at 2nd Jim Unknown:
Batting: RHB Manuel Guillama 0-0: Called Strike
0-1: Ball
1-1: Ball
2-1: Swinging Strike
2-2: Foul Ball, location: 2F
2-2: Ball
3-2: Foul Ball, location: 2F
3-2: Foul Ball, location: 2F
3-2: Strikes out swinging
Batting: RHB Bernardo Rivera 0-0: Called Strike
0-1: Swinging Strike
0-2: 2-RUN HOME RUN (Flyball, 8LXD), Distance : 450 ft
Batting: RHB Pepe Reyes 0-0: Ball
1-0: Ball
2-0: Foul Ball, location: 2F
2-1: Ball
3-1: Foul Ball, location: 2F
3-2: Foul Ball, location: 2F
3-2: Base on Balls
Batting: RHB Solomon Norment 0-0: Called Strike
0-1: DOUBLE (Line Drive, 78M)
Pepe Reyes to third
Batting: RHB Rubén Andrada 0-0: Called Strike
0-1: Called Strike
0-2: Strikes out swinging
Batting: RHB Juan Rivera 0-0: SINGLE (Groundball, 34D)
Pepe Reyes scores
Solomon Norment to third
Throwing error, E9
Solomon Norment scores
Juan Rivera to second
Batting: LHB Roberto Fierro 0-0: Called Strike
0-1: Swinging Strike
0-2: Strikes out swinging
Bottom of the 1st over - 6 run(s), 6 hit(s), 2 error(s), 1 left on base; Nebraska 0 - Phoenix 6
TOP OF THE 2ND
Nebraska Plainsmen batting - Pitching for Phoenix Hotspur U-21 : LHP Raúl Gómez
Batting: RHB Carl Wheezer 0-0: Called Strike
0-1: Ball
1-1: Ball
2-1: Ball
3-1: Base on Balls
Batting: RHB Mike Taylor 0-0: Foul Ball, location: 2F
0-1: Ball
1-1: Ball
2-1: Grounds into double play, 5-4-3 (Groundball, 56)
Batting: RHB Lorenzo Ruíz 0-0: Called Strike
0-1: Fly out, F9 (Line Drive, 89S)
Top of the 2nd over - 0 run(s), 0 hit(s), 0 error(s), 0 left on base; Nebraska 0 - Phoenix 6
BOTTOM OF THE 2ND
Phoenix Hotspur U-21 batting - Pitching for Nebraska Plainsmen : RHP Ciríaco Muro
Batting: RHB Carl Tucker 0-0: Foul Ball, location: 2F
0-1: Foul Ball, location: 2F
0-2: SINGLE (Groundball, 6MD)
Batting: RHB Jim Unknown 0-0: Swinging Strike
0-1: Ball
1-1: Swinging Strike
1-2: Grounds into double play, 5-4-3 (Groundball, 56)
Batting: RHB Manuel Guillama 0-0: Foul Ball, location: 2F
0-1: Called Strike
0-2: Strikes out swinging
Bottom of the 2nd over - 0 run(s), 1 hit(s), 0 error(s), 0 left on base; Nebraska 0 - Phoenix 6
TOP OF THE 3RD
Nebraska Plainsmen batting - Pitching for Phoenix Hotspur U-21 : LHP Raúl Gómez
Batting: RHB Levi Tess 0-0: Ball
1-0: Fly out, F7 (Line Drive, 7M)
Batting: RHB Jorge Salgado 0-0: Reached on error, E1 (Groundball, 15S)
Batting: LHB Sisto Pagnamenta 0-0: Called Strike
0-1: Swinging Strike
0-2: Foul Ball, location: 2F
0-2: Ball
1-2: Strikes out swinging
Batting: RHB George St. Clair 0-0: Foul Ball, location: 2F
0-1: Foul Ball, location: 2F
0-2: Strikes out swinging
Top of the 3rd over - 0 run(s), 0 hit(s), 1 error(s), 1 left on base; Nebraska 0 - Phoenix 6
BOTTOM OF THE 3RD
Phoenix Hotspur U-21 batting - Pitching for Nebraska Plainsmen : RHP Ciríaco Muro
Batting: RHB Bernardo Rivera 0-0: Ball
1-0: Foul Ball, location: 2F
1-1: Foul Ball, location: 2F
1-2: Foul Ball, location: 2F
1-2: Fly out, F4 (Line Drive, 4M)
Batting: RHB Pepe Reyes 0-0: Called Strike
0-1: Ball
1-1: Swinging Strike
1-2: Foul Ball, location: 2F
1-2: Ball
2-2: Hit by Pitch
Batting: RHB Solomon Norment 0-0: Ball
1-0: Ball
2-0: Foul Ball, location: 2F
2-1: Fly out, F4 (Popup, 4MD)
Batting: RHB Rubén Andrada 0-0: Ball
1-0: Foul Ball, location: 2F
1-1: Ball
2-1: Ball
3-1: Foul Ball, location: 2F
3-2: Base on Balls
Pepe Reyes to second
Batting: RHB Juan Rivera 0-0: Called Strike
0-1: Called Strike
0-2: Fly out, F7 (Line Drive, 78M)
Bottom of the 3rd over - 0 run(s), 0 hit(s), 0 error(s), 2 left on base; Nebraska 0 - Phoenix 6
TOP OF THE 4TH
Nebraska Plainsmen batting - Pitching for Phoenix Hotspur U-21 : LHP Raúl Gómez
Batting: RHB Luis Aragón 0-0: Ball
1-0: Ball
2-0: Reached on error, E2 (Groundball, 2R)
Batting: RHB Bob Barlow 0-0: Called Strike
0-1: Called Strike
0-2: Ball
1-2: Foul Ball, location: 2F
1-2: Foul Ball, location: 2F
1-2: Foul Ball, location: 2F
1-2: Strikes out looking
Batting: RHB Carl Wheezer 0-0: Swinging Strike
0-1: Swinging Strike
0-2: Ball
1-2: Ball
2-2: Foul Ball, location: 2F
2-2: Strikes out swinging
Batting: RHB Mike Taylor 0-0: Ground out U3 (Groundball, 3S)
Top of the 4th over - 0 run(s), 0 hit(s), 1 error(s), 1 left on base; Nebraska 0 - Phoenix 6
BOTTOM OF THE 4TH
Phoenix Hotspur U-21 batting - Pitching for Nebraska Plainsmen : RHP Ciríaco Muro
Batting: LHB Roberto Fierro 0-0: Swinging Strike
0-1: Foul Ball, location: 2F
0-2: Ball
1-2: Ball
2-2: Ground out 4-3 (Groundball, 4)
Batting: RHB Carl Tucker 0-0: Foul Ball, location: 2F
0-1: Ball
1-1: Ball
2-1: SINGLE (Line Drive, 9S)
Batting: RHB Jim Unknown 0-0: Ball
1-0: Foul Ball, location: 2F
1-1: Reached on Error, E9 (Flyball, 9S)
Carl Tucker to second
Batting: RHB Manuel Guillama 0-0: Foul Ball, location: 2F
0-1: Ball
1-1: Ball
2-1: Swinging Strike
2-2: Foul Ball, location: 2F
2-2: DOUBLE (Flyball, 7LD)
Carl Tucker scores
Jim Unknown to third
Runner from 3rd tries for Home, SAFE, no throw or cutoff
Pitching: RHP António Fernández
Batting: RHB Bernardo Rivera 0-0: Ball
1-0: Called Strike
1-1: Ball
2-1: SINGLE (Flyball, 9LS)
Manuel Guillama to third
Batting: RHB Pepe Reyes 0-0: Fly out, F7 (Popup, 7S)
Batting: RHB Solomon Norment 0-0: DOUBLE (Flyball, 8LM)
Manuel Guillama scores
Bernardo Rivera to third
Runner from 3rd tries for Home, SAFE, no throw or cutoff
Batting: RHB Rubén Andrada 0-0: Foul Ball, location: 2F
0-1: Ball
1-1: DOUBLE (Flyball, 7D)
Solomon Norment scores
Batting: RHB Juan Rivera 0-0: Ground out 6-3 (Groundball, 6M)
Bottom of the 4th over - 5 run(s), 5 hit(s), 1 error(s), 1 left on base; Nebraska 0 - Phoenix 11
TOP OF THE 5TH
Nebraska Plainsmen batting - Pitching for Phoenix Hotspur U-21 : LHP Raúl Gómez
Batting: RHB Lorenzo Ruíz 0-0: Ball
1-0: Called Strike
1-1: Ball
2-1: Fly out, F8 (Flyball, 8RXD)
Batting: RHB Levi Tess 0-0: Called Strike
0-1: Called Strike
0-2: Ball
1-2: Strikes out looking
Batting: RHB Jorge Salgado 0-0: Foul Ball, location: 2F
0-1: Ball
1-1: Foul Ball, location: 2F
1-2: Ball
2-2: Fly out, F9 (Flyball, 9M)
Top of the 5th over - 0 run(s), 0 hit(s), 0 error(s), 0 left on base; Nebraska 0 - Phoenix 11
BOTTOM OF THE 5TH
Phoenix Hotspur U-21 batting - Pitching for Nebraska Plainsmen : RHP António Fernández
Batting: LHB Roberto Fierro 0-0: Called Strike
0-1: Ground out 4-3 (Groundball, 4)
Batting: RHB Carl Tucker 0-0: Foul Ball, location: 2F
0-1: Ground out 4-3 (Groundball, 4MS)
Batting: RHB Jim Unknown 0-0: Called Strike
0-1: Ball
1-1: Reached on Error, E7 (Flyball, 7LD)
Batting: RHB Manuel Guillama 0-0: Ball
1-0: Ball
2-0: 2-RUN HOME RUN (Flyball, 78XD), Distance : 433 ft
Batting: RHB Bernardo Rivera 0-0: Ball
1-0: Foul Ball, location: 2F
1-1: DOUBLE (Line Drive, 78M)
Pitching: RHP Norco Biffle
Batting: RHB Pepe Reyes 0-0: Ball
1-0: Foul Ball, location: 2F
1-1: Ground out 5-3 (Groundball, 5S)
Bottom of the 5th over - 2 run(s), 2 hit(s), 1 error(s), 1 left on base; Nebraska 0 - Phoenix 13
TOP OF THE 6TH
Nebraska Plainsmen batting - Pitching for Phoenix Hotspur U-21 : LHP Raúl Gómez
Batting: LHB Sisto Pagnamenta 0-0: Foul Ball, location: 2F
0-1: Foul Ball, location: 2F
0-2: Ball
1-2: Foul Ball, location: 2F
1-2: Strikes out swinging
Batting: RHB George St. Clair 0-0: Called Strike
0-1: Called Strike
0-2: Ball
1-2: Strikes out swinging
Batting: RHB Luis Aragón 0-0: Called Strike
0-1: Ball
1-1: Ball
2-1: SINGLE (Line Drive, 34)
Batting: RHB Bob Barlow 0-0: Ball
1-0: Foul Ball, location: 2F
1-1: Ball
2-1: Ball
3-1: Called Strike
3-2: SINGLE (Line Drive, 56)
Luis Aragón to second
Luis Aragón to third
Batting: RHB Carl Wheezer 0-0: Ball
1-0: Swinging Strike
1-1: Ball
2-1: Foul Ball, location: 2F
2-2: Ball
3-2: Fly out, F7 (Flyball, 78D)
Top of the 6th over - 0 run(s), 2 hit(s), 0 error(s), 2 left on base; Nebraska 0 - Phoenix 13
BOTTOM OF THE 6TH
Phoenix Hotspur U-21 batting - Pitching for Nebraska Plainsmen : RHP Norco Biffle
Batting: RHB Solomon Norment 0-0: Called Strike
0-1: Swinging Strike
0-2: Ball
1-2: Ball
2-2: Foul Ball, location: 2F
2-2: Foul Ball, location: 2F
2-2: Strikes out swinging
Batting: RHB Rubén Andrada 0-0: Hit by Pitch
Batting: RHB Juan Rivera 0-0: Called Strike
0-1: DOUBLE (Groundball, 5L)
Rubén Andrada to third
Batting: LHB Roberto Fierro 0-0: Called Strike
0-1: Fly out, F8 (Flyball, 8LXD)
Runner from 3rd tags up, SCORES, no throw
Batting: RHB Carl Tucker 0-0: Ball
1-0: Ball
2-0: SINGLE (Groundball, 6MD)
Juan Rivera to third
Runner from 3rd tries for Home, SAFE, no throw or cutoff
Batting: RHB Jim Unknown 0-0: Ball
1-0: Ball
2-0: Called Strike
2-1: Foul Ball, location: 2F
2-2: Foul Ball, location: 2F
2-2: Ball
3-2: Foul Ball, location: 2F
3-2: Foul Ball, location: 2F
3-2: SINGLE (Groundball, 4MD)
Carl Tucker to second
Carl Tucker to third
Batting: RHB Manuel Guillama 0-0: Called Strike
0-1: Foul Ball, location: 2F
0-2: Strikes out swinging
Bottom of the 6th over - 2 run(s), 3 hit(s), 0 error(s), 2 left on base; Nebraska 0 - Phoenix 15
TOP OF THE 7TH
Nebraska Plainsmen batting - Pitching for Phoenix Hotspur U-21 : LHP Raúl Gómez
Batting: RHB Mike Taylor 0-0: Ball
1-0: SINGLE (Groundball, 56D)
Batting: RHB Lorenzo Ruíz 0-0: SINGLE (Line Drive, 4D)
Mike Taylor to second
Runner from 2nd tries for 3rd, SAFE, throw made to third
Batting: RHB Levi Tess 0-0: Called Strike
0-1: Swinging Strike
0-2: Foul Ball, location: 2F
0-2: Ball
1-2: Ball
2-2: Grounds into double play, 4-6-3 (Groundball, 4)
Mike Taylor scores
Batting: RHB Jorge Salgado 0-0: Ball
1-0: Ball
2-0: Ball
3-0: Called Strike
3-1: Fly out, F9 (Flyball, 9LS)
Top of the 7th over - 1 run(s), 2 hit(s), 0 error(s), 0 left on base; Nebraska 1 - Phoenix 15
BOTTOM OF THE 7TH
Phoenix Hotspur U-21 batting - Pitching for Nebraska Plainsmen : RHP Norco Biffle
Batting: RHB Bernardo Rivera 0-0: Called Strike
0-1: Called Strike
0-2: Foul Ball, location: 2F
0-2: Ball
1-2: Ball
2-2: Ball
3-2: Foul Ball, location: 2F
3-2: Strikes out swinging
Batting: RHB Pepe Reyes 0-0: Ball
1-0: Foul Ball, location: 2F
1-1: Fly out, F3 (Popup, 3SF)
Batting: RHB Solomon Norment 0-0: Swinging Strike
0-1: Foul Ball, location: 2F
0-2: Strikes out swinging
Bottom of the 7th over - 0 run(s), 0 hit(s), 0 error(s), 0 left on base; Nebraska 1 - Phoenix 15
TOP OF THE 8TH
Nebraska Plainsmen batting - Pitching for Phoenix Hotspur U-21 : LHP Raúl Gómez
Batting: LHB Sisto Pagnamenta 0-0: Called Strike
0-1: Swinging Strike
0-2: Ball
1-2: Foul Ball, location: 2F
1-2: Strikes out swinging
Batting: RHB George St. Clair 0-0: Called Strike
0-1: Ball
1-1: Ball
2-1: Ball
3-1: DOUBLE (Line Drive, 5L)
Pinch Hitting: LHB Alex Willis 0-0: Ball
1-0: Foul Ball, location: 2F
1-1: Fly out, F7 (Flyball, 7M)
Batting: RHB Bob Barlow 0-0: Fly out, F8 (Flyball, 8RXD)
Top of the 8th over - 0 run(s), 1 hit(s), 0 error(s), 1 left on base; Nebraska 1 - Phoenix 15
BOTTOM OF THE 8TH
Phoenix Hotspur U-21 batting - Pitching for Nebraska Plainsmen : RHP Norco Biffle
Now at 3B: Ángel Macías
Batting: RHB Rubén Andrada 0-0: Called Strike
0-1: Ball
1-1: Ground out 6-3 (Groundball, 6)
Batting: RHB Juan Rivera 0-0: Ball
1-0: Foul Ball, location: 2F
1-1: SINGLE (Line Drive, 6MD)
Batting: LHB Luis Díaz 0-0: Called Strike
0-1: Ball
Passed Ball!
Juan Rivera to second
1-1: Called Strike
1-2: Ball
2-2: SINGLE (Groundball, 5D)
Juan Rivera to third
Runner from 3rd tries for Home, SAFE, throw made home
Batting: RHB Carl Tucker 0-0: Called Strike
0-1: Swinging Strike
0-2: Foul Ball, location: 2F
0-2: Ball
1-2: Foul Ball, location: 2F
1-2: Fly out, F9 (Flyball, 9S)
Batting: RHB Jim Unknown 0-0: Ball
Balk!
Luis Díaz to second
1-0: Called Strike
1-1: Ball
2-1: Ball
3-1: Base on Balls
Batting: RHB Manuel Guillama 0-0: Ball
1-0: Foul Ball, location: 2F
1-1: Foul Ball, location: 2F
1-2: Ball
2-2: Fly out, F7 (Flyball, 7D)
Bottom of the 8th over - 1 run(s), 2 hit(s), 0 error(s), 2 left on base; Nebraska 1 - Phoenix 16
TOP OF THE 9TH
Nebraska Plainsmen batting - Pitching for Phoenix Hotspur U-21 : LHP Raúl Gómez
Pitching: RHP Miguel Aguilar
Now at SS: Juan Román
Now in CF: Luis Díaz
Batting: RHB Carl Wheezer 0-0: Called Strike
0-1: Ball
1-1: Fly out, F7 (Flyball, 7D)
Batting: RHB Mike Taylor 0-0: Ball
1-0: Ball
2-0: Swinging Strike
2-1: Foul Ball, location: 2F
2-2: Foul Ball, location: 2F
2-2: Ball
3-2: Base on Balls
Pinch Hitting: LHB Jim Unknown 0-0: Called Strike
0-1: Ball
1-1: Foul Ball, location: 2F
1-2: Strikes out looking
Batting: RHB Levi Tess 0-0: Fielders Choice at 2nd, 5-4 (Groundball, 56)
Top of the 9th over - 0 run(s), 0 hit(s), 0 error(s), 0 left on base; Nebraska 1 - Phoenix 16
This league is powered by Out of the Park Baseball, the baseball management simulation game for PC, Mac and Linux
Monday, October 3rd, 2016 - OOTP Baseball 16.9 Build 39